 Dungeon Crawl Stone Soup version 0.30.0-21-gd299b56b3f (webtiles) character file.

Game seed: 686652632572426568

6727 qw the Cleaver (level 11, -1/73 HPs)
             Began as a Gargoyle Fighter on June 2, 2023.
             Was an Elder of Okawaru.
             Slain by a sun demon (9 damage)
             ... summoned by an obsidian statue
             ... on level 9 of the Dungeon.
             The game lasted 00:04:12 (8396 turns).

qw the Cleaver (Gargoyle Fighter)                   Turns: 8396, Time: 00:04:12

Health: -1/73      AC: 32    Str: 24    XL:     11   Next: 4%
Magic:  14/14      EV:  7    Int:  7    God:    Okawaru [****..]
Gold:   433        SH: 11    Dex: 13    Spells: 10/10 levels left

rFire   . . .        Y - +0 broad axe (flame)
rCold   . . .        l - +0 kite shield
rNeg    + . .        j - +0 plate armour
rPois   inf          k - +1 helmet
rElec   +            w - +2 cloak
rCorr   .            (no gloves)
SInv    .            m - +0 pair of boots
Will    +....        v - amulet of the acrobat Stlth
                     h - +4 ring of protection
HPRegen 0.32/turn    i - ring of willpower
MPRegen 0.14/turn

%: acrobat
@: no status effects
A: sickness immunity, AC +8, negative energy resistance 1, electricity
resistance, torment resistance 1, petrification resistance, agile 1, mutation
resistance 1, robust 1
a: Renounce Religion, Heroism, Finesse


You were on level 9 of the Dungeon.
You worshipped Okawaru.
Okawaru was greatly pleased with you.
You visited 1 branch of the dungeon, and saw 10 of its levels.

You collected 433 gold pieces.


Innate Abilities, Weirdness & Mutations

You are immune to sickness and miasma.
Your stone body is resilient. (AC +8)
You are immune to poison.
You resist negative energy. (rN+)
You are resistant to electric shocks. (rElec)
You are resistant to unholy torment.
You are immune to petrification.
You are agile. (Dex +4, Str/Int -1)
You are somewhat resistant to further mutation.
You are robust. (+10% HP)


   Skills:
 + Level 7.0 Fighting
 - Level 10.0 Axes
 - Level 1.5 Throwing
 - Level 7.1 Armour
 - Level 3.0 Dodging
 - Level 9.0 Shields
 + Level 4.0 Invocations


You had 10 spell levels left.
You didn't know any spells.
Your spell library was empty.

Inventory:

Hand Weapons
 Y - a +0 broad axe of flaming (weapon)
Missiles
 r - a boomerang (quivered)
Armour
 b - the +1 chain mail of Dofficuph {rCorr Str+2}
   (You found it on level 5 of the Dungeon)

   Str:       It affects your strength (+2).
   rCorr:     It protects you from acid and corrosion.
 j - a +0 plate armour (worn)
 k - a +1 helmet (worn)
 l - a +0 kite shield (worn)
 m - a +0 pair of boots (worn)
 w - a +2 cloak (worn)
Jewellery
 g - a ring of positive energy
 h - a +4 ring of protection (left hand)
 i - a ring of willpower (right hand)
 q - a ring of resist corrosion
 v - an amulet of the acrobat (around neck)
Scrolls
 a - 6 scrolls of identify
 p - a scroll of teleportation
Potions
 c - 4 potions of curing
 d - 2 potions of might
 e - 3 potions of heal wounds
 f - a potion of cancellation
 n - 3 potions of lignification
 o - a potion of attraction
 t - 2 potions of mutation

Dungeon Overview and Level Annotations

Branches:
Dungeon (10/15)            Temple (0/1) D:7             Orc (0/2) D:9
   Lair: D:8-11

Altars:
Ashenzari
Dithmenos
Elyvilon
Hepliaklqana
Kikubaaqudgha
Nemelex Xobeh
Okawaru
Qazlal
Uskayaw
Vehumet
Wu Jian
Xom
Yredelemnul
The Shining One

Annotations:
D:4 1 runed translucent door, Crazy Yiuf


Message History

8390 ||| STAIRDANCE The yak gores you.
The wraith hits you but does no damage. You block the yak's attack.
The yak gores you. The yak gores you but does no damage.
You climb upwards.
The ufetubus hits you but does no damage.
You block the ufetubus's attack.
An orc comes into view. It is wielding a +0 short sword.
The orc wizard gestures wildly while chanting.
The orc wizard flickers and vanishes!
Deactivating autopickup; reactivate with Ctrl-A.
The white imp shouts, "Scamper hence, thou mewling tickle-brained simpleton!"
The iron imp hits you but does no damage.
You block the ufetubus's attack. The ufetubus closely misses you.
The orc shouts!
You hear a shout!
There is a stone staircase leading down here.
The ufetubus hits you but does no damage. x2
The obsidian statue's eyes glow briefly.
The wraith hits you. You block the yak's attack. The yak closely misses you.
You block the yak's attack.
You climb downwards.
Reactivating autopickup.
There is a stone staircase leading up here.
8394 ||| STAIRDANCE The gnoll hits you but does no damage.
The yak gores you but does no damage. x2
You block the wraith's attack. The yak gores you.
You climb upwards.
You block the ufetubus's attack.
The ufetubus hits you but does no damage.
The soul eater barely misses you. The sun demon hits you!
You are engulfed in flames!
The yak gores you but does no damage. You block the ufetubus's attack.
The ufetubus hits you but does no damage.
The soul eater barely misses you.
There is a stone staircase leading down here.
The sun demon hits you but does no damage.
You block the ufetubus's attack. The ufetubus barely misses you.
The white imp puffs mist at you. The yak gores you but does no damage.
You block the yak's attack. The wraith closely misses you.
The soul eater hits you! The sun demon hits you!
You die...

....+..# ....##.#
#####
.....#.#####...#
.....#....!....###
.....#.###....)..#
....##.# #.##<##.#
....'..# #.##.#.5#
...##..# #.##.Y33##
'#.#####*#.4..5W@Y#
.### *#.!)$.YY5##
...# *##.)###)o..#
..####...:#8#|..##
..'....#./###:..#
.##..####.$:o.#.#
.#...## ##...##.#
##....####...*#.*
......'.>....,*,*


You could see an obsidian statue, a soul eater (summoned), a sun demon
(summoned), a rust devil (summoned), 4 yaks, a wraith, an iron imp (summoned),
an orc wizard, a white imp (summoned), an orc and an ufetubus (summoned).

Vanquished Creatures
  A tengu warrior (D:9)
  Pikel (D:6)
  Maurice (D:8)
  Maggie (D:6)
  Prince Ribbit (D:8)
  6 yaks (D:9)
  2 wyverns
  Grum (D:8)
  An acid dragon (D:8)
  2 water moccasins
  A sky beast (D:8)
  A hornet zombie (D:6)
  3 ogres
  4 wolves (D:8)
  3 centaurs
  3 phantoms (D:6)
  A lemure (D:6)
  A scorpion (D:4)
  2 bullfrogs
  2 water moccasin zombies (D:6)
  13 killer bees (D:8)
  A howler monkey (D:9)
  3 centaur zombies (D:6)
  5 bullfrog zombies (D:6)
  4 jellies
  An orc priest (D:6)
  2 gnoll boudas
  3 hounds
  Jessica (D:2)
  4 iguanas
  4 orc wizards
  2 killer bee zombies (D:6)
  A howler monkey zombie (D:6)
  Robin (D:2)
  4 adders
  15 gnolls
  A shadow imp (D:5)
  4 white imps
  An ufetubus (D:5)
  A worm (D:2)
  2 dart slugs
  19 orcs
  4 ball pythons
  7 bats
  10 endoplasms
  5 giant cockroaches
  19 goblins
  9 hobgoblins
  3 quokkas
  4 frilled lizards
  4 kobolds
  5 rats
200 creatures vanquished.

Vanquished Creatures (others)
  A water moccasin skeleton (D:6)
  A gnoll (D:6)
  An orc (D:6)
3 creatures vanquished.

Grand Total: 203 creatures vanquished

Notes
Turn   | Place    | Note
-------+----------+-------------------------------------------
     0 | D:1      | qw the Gargoyle Fighter began the quest for the Orb.
     0 | D:1      | Reached XP level 1. HP: 14/14 MP: 1/1
     0 | D:1      | 0 ||| qw: Version: 0.2-a-102-gdf20003
     0 | D:1      | 0 ||| qw: Game counter: 794
     0 | D:1      | 0 ||| qw: Always use a shield: true
     0 | D:1      | 0 ||| qw: God list: Okawaru
     0 | D:1      | 0 ||| qw: Allow faded altars: false
     0 | D:1      | 0 ||| qw: Do Orc after D:15 true
     0 | D:1      | 0 ||| qw: Do second Lair branch before Depths: true
     0 | D:1      | 0 ||| qw: Lair rune preference: random
     0 | D:1      | 0 ||| qw: Plans: Normal, Zot:1-4, Slime:5, God:TSO, Crypt,
                  | Tomb, Pan, Hells, Abyss, Win
     0 | D:1      | 0 ||| PLANNING D:1-11
   164 | D:1      | Reached skill level 2 in Axes
   333 | D:1      | Reached XP level 2. HP: 16/19 MP: 2/2
   851 | D:1      | 851 ||| UPGRADING to +0 plate armour.
   861 | D:1      | 861 ||| DROPPING +0 scale mail.
   862 | D:1      | 862 ||| UPGRADING to +0 kite shield.
   872 | D:1      | 872 ||| DROPPING +0 buckler.
   873 | D:1      | 873 ||| UPGRADING to +4 ring of protection.
   874 | D:1      | 874 ||| UPGRADING to ring of willpower.
   875 | D:1      | 875 ||| READING 2 scrolls labelled CAASCHU KAAGUNG.
   876 | D:1      | 876 ||| READING 2 scrolls labelled COIZOR NAGUNKU.
   877 | D:1      | 877 ||| READING scroll labelled SAAR ZAVESY.
   878 | D:1      | 878 ||| DRINKING 3 red potions.
   879 | D:1      | 879 ||| DROPPING scroll of noise.
   910 | D:2      | Reached skill level 3 in Axes
   924 | D:2      | 924 ||| Stepping ~*~*~tactically~*~*~ (hiding).
   925 | D:2      | 925 ||| Stepping ~*~*~tactically~*~*~ (hiding).
   927 | D:2      | 927 ||| Stepping ~*~*~tactically~*~*~ (hiding).
  1039 | D:2      | 1039 ||| DROPPING +0 club.
  1058 | D:2      | Reached XP level 3. HP: 23/23 MP: 3/3
  1059 | D:2      | Noticed Robin
  1062 | D:2      | Noticed Jessica
  1071 | D:2      | Killed Jessica
  1072 | D:2      | Reached XP level 4. HP: 26/28 MP: 4/4
  1088 | D:2      | Killed Robin
  1215 | D:2      | 1215 ||| Stepping ~*~*~tactically~*~*~ (hiding).
  1217 | D:2      | 1217 ||| Stepping ~*~*~tactically~*~*~ (hiding).
  1724 | D:2      | Reached XP level 5. HP: 32/32 MP: 5/5
  1885 | D:2      | 1885 ||| UPGRADING to +0 helmet.
  1890 | D:2      | 1890 ||| UPGRADING to +0 pair of boots.
  1895 | D:2      | 1895 ||| READING scroll labelled KIAHIOPR AHIECH.
  1899 | D:2      | 1899 ||| DRINKING 3 fuming red potions.
  1900 | D:2      | 1900 ||| DRINKING 2 yellow potions.
  1901 | D:2      | 1901 ||| READING 2 scrolls of identify.
  1901 | D:2      | 1901 ||| IDENTIFYING viscous dark potion
  1902 | D:2      | 1902 ||| DROPPING potion of degeneration.
  1903 | D:2      | 1903 ||| DROPPING potion of brilliance.
  2040 | D:3      | Found a shadowy altar of Dithmenos.
  2090 | D:3      | Found an iron altar of Okawaru.
  2091 | D:3      | 2091 ||| PLANNING OKAWARU WORSHIP
  2091 | D:3      | 2091 ||| READING 2 scrolls labelled RIAGAY AMMAE.
  2092 | D:3      | 2092 ||| READING scroll of enchant weapon.
  2092 | D:3      | 2092 ||| ENCHANTING +1 war axe.
  2100 | D:3      | Became a worshipper of Warmaster Okawaru
  2100 | D:3      | 2100 ||| PLANNING D:1-11
  2124 | D:3      | Reached skill level 4 in Axes
  2213 | D:3      | 2213 ||| Stepping ~*~*~tactically~*~*~ (stealth).
  2457 | D:3      | Reached XP level 6. HP: 37/37 MP: 6/6
  2788 | D:3      | 2788 ||| UPGRADING to amulet of the acrobat.
  2793 | D:3      | 2793 ||| READING 2 scrolls labelled DIDAVAYNAGE.
  2794 | D:3      | 2794 ||| READING scroll labelled DECYVI LIURUNE.
  2795 | D:3      | 2795 ||| READING scroll labelled ILELEI HOCVETS.
  2796 | D:3      | 2796 ||| READING scroll labelled XIDEATTE XEGO.
  2797 | D:3      | 2797 ||| READING 2 scrolls of identify.
  2797 | D:3      | 2797 ||| IDENTIFYING purple potion
  2798 | D:3      | 2798 ||| DROPPING scroll of fog.
  2859 | D:4      | Identified the +1 dagger "Orphinif" {flame, *Rage Str+6
                  | Int-5 Stlth+}
  2887 | D:4      | 2887 ||| Stepping ~*~*~tactically~*~*~ (stealth).
  2904 | D:4      | 2904 ||| Stepping ~*~*~tactically~*~*~ (stealth).
  2969 | D:4      | Reached * piety under Okawaru
  2970 | D:4      | Reached skill level 5 in Axes
  2973 | D:4      | Reached skill level 1 in Invocations
  2973 | D:4      | Reached XP level 7. HP: 42/42 MP: 7/7
  2978 | D:4      | Found a hide-covered altar of Uskayaw.
  3191 | D:4      | Found a runed translucent door.
  3192 | D:4      | Noticed Crazy Yiuf
  3699 | D:4      | 3699 ||| UPGRADING to +0 cloak.
  3704 | D:4      | 3704 ||| READING scroll labelled OROONLAIDEQ.
  3705 | D:4      | 3705 ||| READING scroll labelled ICZETIPONE.
  3706 | D:4      | 3706 ||| DRINKING 2 inky potions.
  3706 | D:4      | Gained mutation: You are robust. (+10% HP) [potion of
                  | mutation]
  3706 | D:4      | Gained mutation: You are agile. (Dex +4, Str/Int -1)
                  | [potion of mutation]
  3706 | D:4      | Gained mutation: You are somewhat resistant to further
                  | mutation. [potion of mutation]
  3741 | D:5      | Entered Level 5 of the Dungeon
  3755 | D:5      | 3755 ||| DROPPING +0 whip.
  3908 | D:5      | Reached skill level 1 in Dodging
  3908 | D:5      | Reached skill level 3 in Invocations
  3981 | D:5      | Identified the +1 chain mail of Dofficuph {rCorr Str+2}
  4185 | D:5      | 4185 ||| Stepping ~*~*~tactically~*~*~ (hiding).
  4186 | D:5      | 4186 ||| Stepping ~*~*~tactically~*~*~ (hiding).
  4353 | D:5      | 4353 ||| INVOKING Heroism.
  4375 | D:5      | Found a shimmering altar of Xom.
  4378 | D:5      | Found a shadowy altar of Dithmenos.
  4378 | D:5      | Found a hazy altar of Hepliaklqana.
  4380 | D:5      | Found a hide-covered altar of Uskayaw.
  4380 | D:5      | Found a broken altar of Ashenzari.
  4380 | D:5      | Found a basalt altar of Yredelemnul.
  4542 | D:5      | 4542 ||| Stepping ~*~*~tactically~*~*~ (stealth).
  4544 | D:5      | 4544 ||| Stepping ~*~*~tactically~*~*~ (hiding).
  4548 | D:5      | Found an ornate altar of the Wu Jian Council.
  4771 | D:5      | 4771 ||| UPGRADING to +2 cloak.
  4781 | D:5      | 4781 ||| DROPPING +0 cloak.
  4782 | D:5      | 4782 ||| DRINKING 2 murky pink potions.
  4783 | D:5      | 4783 ||| READING 3 scrolls of identify.
  4783 | D:5      | 4783 ||| IDENTIFYING cyan potion
  4784 | D:5      | 4784 ||| READING 2 scrolls of identify.
  4784 | D:5      | 4784 ||| IDENTIFYING murky golden potion
  4785 | D:5      | 4785 ||| DROPPING potion of flight.
  4816 | D:6      | Noticed Maggie
  4826 | D:6      | Reached XP level 8. HP: 26/52 MP: 11/11
  4826 | D:6      | 4826 ||| INVOKING Heroism.
  4832 | D:6      | Killed Maggie
  4833 | D:6      | Reached skill level 6 in Axes
  4956 | D:6      | 4956 ||| INVOKING Heroism.
  5046 | D:6      | Reached ** piety under Okawaru
  5047 | D:6      | Reached skill level 6 in Shields
  5048 | D:6      | 5048 ||| Stepping ~*~*~tactically~*~*~ (stealth).
  5049 | D:6      | 5049 ||| Stepping ~*~*~tactically~*~*~ (stealth).
  5050 | D:6      | 5050 ||| Stepping ~*~*~tactically~*~*~ (stealth).
  5080 | D:6      | Reached skill level 7 in Axes
  5152 | D:6      | Reached XP level 9. HP: 47/59 MP: 12/12
  5215 | D:6      | 5215 ||| INVOKING Heroism.
  5218 | D:6      | Reached skill level 1 in Throwing
  5300 | D:6      | Found a radiant altar of Vehumet.
  5323 | D:6      | 5323 ||| SWAPPING to +0 broad axe.
  5324 | D:6      | 5324 ||| DROPPING +2 war axe of protection.
  5451 | D:6      | 5451 ||| Stepping ~*~*~tactically~*~*~ (hiding).
  5452 | D:6      | 5452 ||| Stepping ~*~*~tactically~*~*~ (hiding).
  5454 | D:6      | 5454 ||| Stepping ~*~*~tactically~*~*~ (hiding).
  5455 | D:6      | 5455 ||| Stepping ~*~*~tactically~*~*~ (hiding).
  5456 | D:6      | 5456 ||| INVOKING Heroism.
  5537 | D:6      | Noticed Pikel
  5538 | D:6      | 5538 ||| INVOKING Heroism.
  5548 | D:6      | Killed Pikel
  5548 | D:6      | Reached *** piety under Okawaru
  5549 | D:6      | Reached skill level 8 in Axes
  5592 | D:6      | 5592 ||| INVOKING Heroism.
  5755 | D:6      | You fall into a shaft and drop 3 floors!
  5777 | D:9      | Noticed an obsidian statue
  5778 | D:9      | 5778 ||| INVOKING Heroism.
  5779 | D:9      | 5779 ||| READING scroll labelled FORAIJ NERAMMU.
  5859 | D:9      | Reached skill level 6 in Fighting
  5878 | D:9      | Noticed a tengu warrior
  5882 | D:9      | 5882 ||| INVOKING Heroism.
  5886 | D:9      | Killed a tengu warrior
  5887 | D:9      | Reached XP level 10. HP: 33/66 MP: 10/13
  6163 | D:9      | 6163 ||| INVOKING Heroism.
  6237 | D:9      | 6237 ||| Stepping ~*~*~tactically~*~*~ (stealth).
  6243 | D:9      | 6243 ||| INVOKING Heroism.
  6249 | D:9      | Reached skill level 9 in Axes
  6254 | D:9      | Reached skill level 6 in Armour
  6353 | D:9      | 6353 ||| Stepping ~*~*~tactically~*~*~ (stealth).
  6355 | D:9      | 6355 ||| Stepping ~*~*~tactically~*~*~ (hiding).
  6374 | D:9      | 6374 ||| Stepping ~*~*~tactically~*~*~ (stealth).
  6377 | D:9      | 6377 ||| Stepping ~*~*~tactically~*~*~ (hiding).
  6379 | D:9      | 6379 ||| Stepping ~*~*~tactically~*~*~ (hiding).
  6393 | D:9      | 6393 ||| Stepping ~*~*~tactically~*~*~ (stealth).
  6396 | D:9      | 6396 ||| Stepping ~*~*~tactically~*~*~ (stealth).
  6399 | D:9      | 6399 ||| INVOKING Heroism.
  6428 | D:9      | Found a glowing golden altar of the Shining One.
  6429 | D:9      | 6429 ||| READING scroll labelled JIONAJ IRGHUO.
  6441 | D:8      | Noticed Maurice
  6447 | D:8      | 6447 ||| INVOKING Heroism.
  6467 | D:8      | 6467 ||| INVOKING Heroism.
  6470 | D:8      | Reached skill level 9 in Shields
  6486 | D:8      | 6486 ||| INVOKING Heroism.
  6491 | D:8      | Killed Maurice
  6492 | D:8      | Reached skill level 3 in Dodging
  6896 | D:7      | Found an ancient bone altar of Kikubaaqudgha.
  6898 | D:7      | 6898 ||| INVOKING Heroism.
  6931 | D:7      | Found a white marble altar of Elyvilon.
  6967 | D:7      | Found a stormy altar of Qazlal.
  7001 | D:7      | 7001 ||| READING scroll labelled FIOSTR AFRECRUSOS.
  7221 | D:7      | Found a sparkling altar of Nemelex Xobeh.
  7225 | D:7      | Found a staircase to the Ecumenical Temple.
  7393 | D:7      | 7393 ||| INVOKING Heroism.
  7636 | D:8      | 7636 ||| FLEEEEING.
  7641 | D:8      | 7641 ||| STAIRDANCE
  7748 | D:8      | 7748 ||| Stepping ~*~*~tactically~*~*~ (hiding).
  7749 | D:8      | 7749 ||| Stepping ~*~*~tactically~*~*~ (hiding).
  7759 | D:8      | 7759 ||| INVOKING Heroism.
  7839 | D:8      | 7839 ||| READING scroll of brand weapon.
  7839 | D:8      | 7839 ||| BRANDING +0 broad axe.
  7840 | D:8      | 7840 ||| DROPPING +0 morningstar.
  7841 | D:8      | Noticed Grum
  7842 | D:8      | 7842 ||| INVOKING Heroism.
  7852 | D:8      | Killed Grum
  7905 | D:8      | 7905 ||| READING scroll of enchant armour.
  7905 | D:8      | 7905 ||| ENCHANTING +0 helmet.
  7923 | D:8      | Reached skill level 10 in Axes
  7927 | D:8      | 7927 ||| Stepping ~*~*~tactically~*~*~ (hiding).
  7929 | D:8      | 7929 ||| Stepping ~*~*~tactically~*~*~ (hiding).
  7931 | D:8      | 7931 ||| Stepping ~*~*~tactically~*~*~ (hiding).
  7933 | D:8      | 7933 ||| Stepping ~*~*~tactically~*~*~ (hiding).
  8058 | D:8      | Noticed Prince Ribbit
  8073 | D:8      | Reached XP level 11. HP: 64/73 MP: 14/14
  8084 | D:8      | Killed Prince Ribbit
  8084 | D:8      | Reached **** piety under Okawaru
  8377 | D:10     | Entered Level 10 of the Dungeon
  8382 | D:10     | 8382 ||| STAIRDANCE
  8386 | D:10     | 8386 ||| STAIRDANCE
  8388 | D:9      | Noticed a soul eater
  8390 | D:10     | 8390 ||| STAIRDANCE
  8393 | D:9      | Noticed a sun demon
  8394 | D:10     | 8394 ||| STAIRDANCE
  8396 | D:9      | HP: 8/73 [soul eater[an obsidian statue] (15)]
  8396 | D:9      | Slain by a sun demon

Levels and vault maps discovered:
D:1:      dpeg_arrival_rooms_a, layout_basic, serial_bayou_pond_e, nrook_uturn,
          glass_columns_c, hex_intersection
D:2:      wad_lake_hut, layout_basic, uniq_robin, uniq_jessica
D:3:      layout_basic, okawaru_ov_weapons_minmay,
          grunt_dithmenos_smoke_and_mirrors,
          wander_ebering_terrifying_dragon_lair
D:4:      layout_loops_ring, nicolae_uskayaw_murder_on_the_dancefloor,
          minivault_5, uniq_crazy_yiuf_cottage
D:5:      layout_loops_ring, mainiacjoe_overflow_concentric_impassable,
          doesnt_xom_only_xom, serial_co_window_serial, co_window_corner_a,
          co_window_corner_a, co_window_paths_b, co_window_corner_a,
          co_window_paths_b, co_window_corner_cb, co_window_2corner,
          co_window_broadway_c, co_window_broadway_b, co_window_paths_e
D:6:      layout_gridville, fiery_altar_vehumet, serial_undead, serial_undead_a,
          serial_undead_e, serial_undead_c, serial_undead_f, serial_undead_b,
          serial_undead_d, serial_undead_f, serial_undead_a, uniq_maggie,
          uniq_pikel
D:7:      layout_cave_pods, elyvilon_altar_5, kiku_gazebo_pond_becter,
          nemelex_xobeh_ov_fountains_minmay, mainiacjoe_overflow_catwalk,
          minmay_temple_entry_trees, serial_column_ruins,
          column_ruins_open_medium, column_ruins_open_small,
          column_ruins_open_small, column_ruins_open_tiny,
          column_ruins_open_tiny, column_ruins_open_small_water
D:8:      layout_basic, enter_bailey_5, st_stairs_5, uniq_prince_ribbit1,
          uniq_maurice, uniq_grum
D:9:      nicolae_cairo_tiling_very_big, layout_loops_corners,
          chequers_temple_overflow_statue_of_worship, serial_shops, shop,
          minmay_holes, hangedman_abyss_or_decor_stagger, grunt_ministairs_9,
          minivault_25, serial_park_tiny_2, minmay_protected_statue
D:10:     layout_cave_pods, nicolae_sif_muna_condensation, old_standard_altar

Skill      XL: |  1  2  3  4  5  6  7  8  9 10 11 |
---------------+----------------------------------+-----
Axes           | 2 3 4 5 7 8 10 | 10.0
Shields        | 4 5 6 8 9 |  9.0
Invocations    | 1 4 |  4.0
Dodging        | 1 3 |  3.0
Fighting       | 4 5 6 7 |  7.0
Armour         | 4 5 6 7 |  7.1
Throwing       | 1 |  1.5

Action                     |  1- 3 |  4- 6 |  7- 9 | 10-12 || total
---------------------------+-------+-------+-------+-------++-------
  Melee: War axe           |    71 |   177 |   173 |       ||   421
         Broad axe         |       |       |    49 |   170 ||   219
  Throw: Boomerang         |       |       |    37 |    27 ||    64
 Invoke: Heroism           |       |       |     9 |    10 ||    19
    Use: Scroll            |     3 |     9 |     5 |     4 ||    21
         Potion            |     1 |     2 |     2 |       ||     5
 Armour: Scale mail        |    25 |       |       |       ||    25
         Plate armour      |    33 |   154 |   177 |   176 ||   540
  Dodge: Dodged            |    30 |    51 |    79 |    98 ||   258
  Block: Buckler           |    12 |       |       |       ||    12
         Kite shield       |    12 |    89 |   138 |   164 ||   403

Table legend:
 A = Non-vault XP
 B = Vault XP
 C = Vault XP percentage of total XP
 D = Non-vault monster count
 E = Vault monster count
 F = Vault count percentage of total count
                 A         B        C        D         E       F
            +---------+---------+-------+---------+---------+-------
      Total |    5841 |    3770 |  39.2 |     153 |      46 |  23.1
            +---------+---------+-------+---------+---------+-------
        D:1 |      26 |       0 |   0.0 |      15 |       0 |   0.0
        D:2 |      65 |      75 |  53.6 |      20 |      14 |  41.2
        D:3 |     182 |       1 |   0.5 |      24 |       1 |   4.0
        D:4 |     316 |       0 |   0.0 |      14 |       0 |   0.0
        D:5 |     524 |       0 |   0.0 |      18 |       0 |   0.0
        D:6 |     714 |    2039 |  74.1 |      25 |      19 |  43.2
        D:7 |     173 |       0 |   0.0 |       3 |       0 |   0.0
        D:8 |    1317 |    1655 |  55.7 |      19 |      12 |  38.7
        D:9 |    2524 |       0 |   0.0 |      15 |       0 |   0.0
            +---------+---------+-------+---------+---------+-------
